 Dungeon Crawl Stone Soup version 0.19-a0-1568-gdd01aac (webtiles) character file.

259039 Charly the Sorcerer (level 19, -16/105 HPs)
             Began as a Deep Elf Fire Elementalist on Sept 14, 2016.
             Was an Elder of Sif Muna.
             Demolished by a death ooze (19 damage)
             ... created by the Royal Jelly
             ... on level 5 of the Pits of Slime on Sept 15, 2016.
             The game lasted 06:15:36 (11505 turns).

Charly the Sorcerer (Deep Elf Fire Elementalist)   Turns: 11505, Time: 06:15:37

Health: -16/105    AC: 12    Str: 13    XL:     19   Next: 14%
Magic:  13/55      EV: 27    Int: 41    God:    Sif Muna [****..]
Gold:   338        SH:  0    Dex: 21    Spells: 15 memorised, 3 levels left

rFire  + + .     SeeInvis .     a - +1 great mace (protect)
rCold  x . .     Gourm    .     e - +1 troll leather armour of Objectivity {*Drain rF+ Regen+ MP+9 Int+6}
rNeg   + . .     Faith    .     (shield currently unavailable)
rPois  .         Spirit   .     h - +0 helmet
rElec  .         Dismiss  .     k - +2 cloak
rCorr  .         Reflect  .     d - +0 pair of gloves
MR     ++...     Harm     .     v - +0 pair of boots
Stlth  +++.......               D - amulet of regeneration
                                E - ring of Greater Demons {rN+ MR+ Str+8 Int+2 Dex-2}
                                B - ring of Ihiusex {Fire Int+4 Dex+3}

@: agile, swift, corroded, very slightly contaminated, slowed, repel missiles,
divine energy, slow
A: no striking features
a: Stop Divine Energy, Channel Magic, Forget Spell, Renounce Religion
}: 2/15 runes: decaying, gossamer


You were on level 5 of the Pits of Slime.
You worshipped Sif Muna.
Sif Muna was greatly pleased with you.
You were not hungry.

You visited 8 branches of the dungeon, and saw 42 of its levels.
You also visited: Sewer.

You collected 1875 gold pieces.
You spent 1537 gold pieces at shops.

Inventory:

Hand Weapons
 a - a +1 great mace of protection (weapon)
Armour
 d - a +0 pair of gloves (worn)
 e - the +1 troll leather armour of Objectivity (worn) {*Drain rF+ Regen+ MP+9 Int+6}
   (You bought it in a shop on level 8 of the Dungeon)

   It affects your intelligence (+6).
   It protects you from fire.
   It affects your magic capacity (+9).
   It increases your rate of regeneration.
   It causes draining when unequipped.
 h - a +0 helmet (worn)
 k - a +2 cloak (worn)
 v - a +0 pair of boots (worn)
 x - a +2 shield
Magical Staves
 c - an uncursed staff of cold
 w - an uncursed staff of wizardry
Jewellery
 q - a +3 ring of protection
 B - the ring of Ihiusex (left hand) {Fire Int+4 Dex+3}
   (You found it on level 4 of the Swamp)

   [ring of fire]

   It enhances your fire magic.
   It affects your intelligence (+4).
   It affects your dexterity (+3).
   It protects you from fire.
   It makes you vulnerable to cold.
 D - an amulet of regeneration (around neck)
 E - the ring of Greater Demons (right hand) {rN+ MR+ Str+8 Int+2 Dex-2}
   (You bought it in a shop on level 2 of the Vaults)

   [ring of protection from magic]

   It affects your strength (+8).
   It affects your intelligence (+2).
   It affects your dexterity (-2).
   It protects you from negative energy.
   It affects your resistance to hostile enchantments.
Scrolls
 f - 5 scrolls of recharging
 o - 3 scrolls of amnesia
 r - a scroll of magic mapping
 t - 10 scrolls of remove curse
 M - 5 scrolls of enchant armour
Potions
 b - 2 potions of flight
 g - 3 potions of curing
 i - a potion of mutation
 l - 2 potions of brilliance
 u - 4 potions of agility
 z - a potion of cancellation
 H - a potion of magic
Books
 y - a book of Burglary

   Spells                             Type                      Level
   a - Swiftness                      Charms/Air                   2
   b - Passwall                       Transmutation/Earth          2
   c - Passage of Golubria            Translocation                4
   d - Lee's Rapid Deconstruction     Earth                        5
   e - Darkness                       Hexes                        6
   f - Invisibility                   Hexes                        6
 A - a book of the Tempests

   Spells                             Type                      Level
   a - Static Discharge               Conjuration/Air              3
   b - Lightning Bolt                 Conjuration/Air              5
   c - Fireball                       Conjuration/Fire             5
   d - Tornado                        Air                          9
   e - Shatter                        Earth                        9
 I - a Necronomicon

   Spells                             Type                      Level
   a - Haunt                          Necromancy/Summoning         7
   b - Borgnjor's Revivification      Necromancy                   8
   c - Death's Door                   Charms/Necromancy            8
   d - Infestation                    Necromancy                   8
   e - Necromutation                  Transmutation/Necromancy     8
Comestibles
 s - 10 meat rations
 L - 14 bread rations


   Skills:
 - Level 7.1 Fighting
 - Level 12.5 Dodging
 - Level 2.4 Stealth
 + Level 21.4 Spellcasting
 - Level 19.2 Conjurations
 - Level 5.8 Charms
 * Level 13.0 Necromancy
 - Level 6.0 Translocations
 + Level 10.8 Transmutations
 - Level 10.7 Fire Magic
 - Level 5.2 Air Magic
 - Level 9.0 Invocations


You had 3 spell levels left.
You knew the following spells:

 Your Spells              Type           Power        Failure   Level  Hunger
a - Animate Skeleton      Necr           N/A          0%          1    None
b - Bolt of Fire          Conj/Fire      ########..   1%          6    None
c - Conjure Flame         Conj/Fire      ########     0%          3    None
f - Flame Tongue          Conj/Fire      #####        0%          1    None
i - Iskenderun's Mystic   Conj           ########     0%          4    None
p - Passage of Golubria   Tloc           N/A          1%          4    None
q - Swiftness             Chrm/Air       ######..     1%          2    None
s - Sticky Flame          Conj/Fire      ########     0%          4    None
B - Fireball              Conj/Fire      ########..   1%          5    None
I - Iskenderun's Battles  Conj/Chrm      #######.     1%          5    None
N - Necromutation         Tmut/Necr      #######...   34%         8    None
P - Passwall              Tmut/Erth      ######....   1%          2    None
R - Repel Missiles        Chrm/Air       ######       1%          2    None
S - Infestation           Necr           ########..   24%         8    None
Z - Blink                 Tloc           N/A          1%          2    None


Dungeon Overview and Level Annotations

Branches:
Dungeon (15/15)            Temple (1/1) D:5            Lair (6/6) D:8
  Swamp (4/4) Lair:2       Spider (4/4) Lair:2        Slime (5/5) Lair:6
 Vaults (4/5) D:14          Crypt (0/3) Vaults:2     Depths (3/5) D:15
    Orc: D:9-12

Altars:
Dithmenos
Okawaru
Sif Muna
Beogh

Shops:
D:8 *   D:10 }   Vaults:1 (   Vaults:2 [*   Vaults:4 ?[   Depths:1 !%(!

Portals:
Hell: Depths:1

Annotations:
D:8 exclusion: downstairs
D:13 Nessos
Lair:1 Sonja
Lair:2 exclusion: upstairs
Lair:5 exclusion: 2 downstairs
Swamp:1 exclusion: downstairs
Swamp:3 exclusion: downstairs
Spider:2 Azrael
Spider:3 exclusion: upstairs
Depths:1 exclusion: downstairs
Depths:3 Mennas


Message History

Your death scarab bites the great orb of eyes but does no damage.
Your death scarab closely misses the azure jelly.
Your death scarab bites the azure jelly!
Your death scarab drains the azure jelly's vigour!
The azure jelly seems to slow down.
Your death scarab draws strength from the azure jelly's injuries!
The acid blob spits acid at you. The splash of acid hits you!
* * * LOW HITPOINT WARNING * * *
The acid corrodes you!
The acid burns!
* * * LOW HITPOINT WARNING * * *
The death ooze misses you. The death ooze completely misses you.
The azure jelly completely misses you. The azure jelly hits you.
* * * LOW HITPOINT WARNING * * *
The azure jelly freezes you!!
You feel a terrible chill!
* * * LOW HITPOINT WARNING * * *
The azure jelly completely misses you.
The azure jelly hits you but does no damage.
The death ooze hits you!!
You die...

............##
.............##
..............#
.............#
....^........#
............##
......J......#
.......@J...#
.......J....###
.......J.JJ.#.##
.......B.J.J...## ..
.......G.JJ.....#....
.......B.....<.......
........B............
.....................
..................


You could see 2 acid blobs, 5 azure jellies, a great orb of eyes, 3 death oozes
and 3 friendly death scarabs.

Vanquished Creatures
  Saint Roka (Vaults:1)
  Arachne (Spider:2)
  Jorgrun (Depths:3)
  5 acid blobs
  Agnes (D:15)
  3 azure jellies
  6 vault wardens
  4 fire giants
  A frost giant (shapeshifter) (Vaults:1)
  2 emperor scorpions (Spider:4)
  2 frost giants
  A ghoul (Vaults:3)
  An orc warlord (Vaults:2)
  2 ghost moths (Spider:4)
  6 ironheart preservers
  3 very ugly things
  2 entropy weavers (Spider:4)
  8 stone giants
  A dire elephant (Lair:6)
  A spark wasp (Spider:4)
  A merfolk impaler (Depths:1)
  A merfolk javelineer (Depths:1)
  3 fire dragons
  3 ettins
  Josephine (D:15)
  7 yaktaur captains
  6 vault guards
  14 hydras
  4 rakshasas
  4 great orbs of eyes
  4 ice dragons
  A ghost crab (shapeshifter) (Vaults:2)
  A catoblepas (Lair:6)
  9 alligators
  6 centaur warriors
  6 death yaks (Lair:6)
  2 deep troll shamans
  3 death knights
  6 ogre magi
  2 tengu warriors (Depths:2)
  A deep troll earth mage (Depths:2)
  2 spriggan berserkers
  6 deep elf knights
  The ghost of Soeti the Fighter, a novice VSFi (D:9)
  3 spriggan druids
  4 unseen horrors (Vaults:1)
  8 deep trolls
  7 swamp dragons (Swamp:4)
  A skeletal warrior (Vaults:3)
  3 giant orange brains
  3 flayed ghosts
  16 ironbrand convokers
  4 wizards
  5 hill giants
  7 orc knights
  3 shambling mangroves
  4 deep elf archers
  2 necromancers
  5 orb spiders (Spider:4)
  13 ugly things
  12 wolf spiders
  2 griffons (Vaults:1)
  A salamander (Depths:2)
  3 orc sorcerers
  2 manticores
  7 hornets
  4 deep elf magi (Vaults:3)
  A hornet (shapeshifter) (D:14)
  3 black mambas
  6 cyclopes
  A human skeleton (Vaults:3)
  6 vault sentinels
  2 elephants (Lair:6)
  A naga mage (D:15)
  A torpor snail (Spider:4)
  A yaktaur zombie (Vaults:3)
  3 freezing wraiths
  A komodo dragon (Lair:6)
  9 spiny frogs
  2 rime drakes (Lair:5)
  29 yaktaurs
  5 demonic crawlers
  A troll (shapeshifter) (Vaults:1)
  A polar bear (Lair:6)
  A jumping spider (shapeshifter) (Vaults:2)
  2 tyrant leeches
  5 meliai (Spider:4)
  16 jumping spiders
  9 two-headed ogres
  A two-headed ogre (shapeshifter) (Vaults:1)
  A boulder beetle (Vaults:2)
  A polar bear (shapeshifter) (Vaults:2)
  73 slime creatures
  7 blink frogs
  4 bog bodies
  35 redbacks
  6 spriggans
  A shadow (Swamp:4)
  A centaur simulacrum (D:14)
  3 water elementals (Depths:1)
  7 wraiths
  2 wyverns (Lair:5)
  14 yaks
  13 tarantellas
  2 humans (shapeshifter)
  A steam dragon (Lair:5)
  2 basilisks
  A vampire (D:11)
  7 hippogriffs
  17 vampire mosquitoes
  2 hippogriffs (shapeshifter)
  2 hungry ghosts
  Menkaure (D:7)
  7 insubstantial wisps
  2 wargs
  2 mottled dragons
  2 soldier ants (D:8)
  24 swamp worms
  10 water moccasins
  A water moccasin (shapeshifter) (Depths:2)
  A floating eye (shapeshifter) (D:14)
  8 porcupines
  17 orc warriors
  7 swamp drakes
  3 ice beasts
  9 wasps
  3 black bears
  A phantom (D:8)
  21 ogres
  An eye of draining (Slime:2)
  12 wolves
  7 centaurs
  10 crocodiles
  A wyvern zombie (D:8)
  7 bullfrogs
  A water moccasin zombie (D:5)
  2 scorpions
  9 killer bees
  4 wights
  2 electric eels
  2 crimson imps
  A bullfrog zombie (D:12)
  3 hounds
  4 jellies
  3 orc priests
  4 orc wizards
  3 centaur skeletons
  6 iguanas
  2 polar bear simulacra (D:12)
  6 worker ants
  A boulder beetle simulacrum (Vaults:3)
  A hound zombie (D:5)
  A hound skeleton (D:11)
  A worker ant zombie (D:8)
  4 adders
  31 river rats
  A shadow imp (D:7)
  An ooze (Sewer)
  An adder zombie (D:7)
  An adder skeleton (D:5)
  2 worms
  27 orcs
  4 ball pythons
  A goblin (D:3)
  2 hobgoblins
  3 jackals
  6 kobolds
  2 bats
  2 frilled lizards
  3 rats
  A plant (Lair:6)
879 creatures vanquished.

Vanquished Creatures (collateral kills)
  the Royal Jelly (Slime:5)
  4 acid blobs (Slime:5)
  5 death oozes (Slime:5)
  A deep troll shaman (Lair:6)
  A spriggan berserker (Swamp:4)
  2 swamp dragons (Swamp:4)
  A shining eye (Slime:5)
  3 bog bodies (Swamp:4)
  12 slime creatures
  3 vampire mosquitoes (Swamp:1)
  2 insubstantial wisps (Swamp:4)
  A swamp worm (Swamp:1)
  A swamp drake (Swamp:4)
  A wolf (Lair:6)
38 creatures vanquished.

Vanquished Creatures (others)
  A ghost moth (Spider:4)
  A spriggan druid (Swamp:1)
  6 fungi
  6 plants (Lair:6)
  4 toadstools (D:1)
18 creatures vanquished.

Grand Total: 935 creatures vanquished

Notes
Turn   | Place    | Note
-------+----------+-------------------------------------------
     0 | D:1      | Charly the Deep Elf Fire Elementalist began the quest for the Orb.
     0 | D:1      | Reached XP level 1. HP: 10/10 MP: 6/6
   179 | D:2      | Reached XP level 2. HP: 9/15 MP: 1/8
   480 | D:3      | Found a glowing drain.
   552 | Sewer    | Entered a sewer
   563 | Sewer    | Reached XP level 3. HP: 19/19 MP: 7/10
   807 | D:5      | Entered Level 5 of the Dungeon
   818 | D:5      | Learned a level 3 spell: Conjure Flame
   822 | D:5      | Reached XP level 4. HP: 24/24 MP: 5/11
   881 | D:5      | Reached skill level 4 in Spellcasting
   910 | D:5      | ring fire
   915 | D:5      | Learned a level 4 spell: Sticky Flame
   942 | D:5      | Found a shadowy altar of Dithmenos.
   942 | D:5      | Found an iron altar of Okawaru.
   948 | D:5      | Found a staircase to the Ecumenical Temple.
   958 | Temple   | Entered the Ecumenical Temple
   986 | Temple   | Became a worshipper of Sif Muna the Loreminder
  1097 | D:5      | Reached XP level 5. HP: 28/28 MP: 6/13
  1195 | D:6      | Reached skill level 5 in Conjurations
  1199 | D:6      | Reached skill level 5 in Spellcasting
  1207 | D:6      | Reached XP level 6. HP: 31/32 MP: 1/15
  1280 | D:7      | Noticed an ice beast
  1302 | D:7      | Killed an ice beast
  1302 | D:7      | Reached * piety under Sif Muna
  1302 | D:7      | Reached skill level 6 in Spellcasting
  1302 | D:7      | Reached XP level 7. HP: 36/36 MP: 0/18
  1309 | D:7      | Learned a level 5 spell: Fireball
  1333 | D:7      | Noticed Menkaure
  1351 | D:7      | Killed Menkaure
  1523 | D:8      | Got a slimy ring mail
  1534 | D:8      | Identified the +1 ring mail "Lewa" {rPois Stlth+} (You found it on level 8 of the Dungeon)
  1616 | D:8      | Noticed a hungry ghost
  1633 | D:8      | Reached skill level 7 in Spellcasting
  1685 | D:8      | Killed a hungry ghost
  1685 | D:8      | Reached ** piety under Sif Muna
  1685 | D:8      | Reached XP level 8. HP: 41/41 MP: 0/20
  1726 | D:9      | Noticed Soeti's ghost (novice VSFi)
  1782 | D:9      | Reached skill level 5 in Fire Magic
  1832 | D:9      | Reached skill level 8 in Spellcasting
  1849 | D:10     | Entered Level 10 of the Dungeon
  1849 | D:10     | Found Eweawym's Gadget Boutique.
  1947 | D:9      | Reached XP level 9. HP: 19/45 MP: 5/23
  2027 | D:8      | Found Momap's Assorted Antiques.
  2032 | D:8      | Reached skill level 10 in Conjurations
  2032 | D:8      | Reached *** piety under Sif Muna
  2126 | D:8      | Found a staircase to the Lair.
  2131 | Lair:1   | Entered Level 1 of the Lair of Beasts
  2158 | Lair:1   | Noticed a spiny frog
  2217 | D:8      | Reached skill level 9 in Spellcasting
  2239 | D:8      | Bought a fuming inky potion for 21 gold pieces
  2239 | D:8      | Bought a shimmering troll leather armour for 240 gold pieces
  2244 | D:8      | Identified the +1 troll leather armour of Objectivity {*Drain rF+ Regen+ MP+9 Int+6} (You bought it in a shop on level 8 of the Dungeon)
  2244 | D:8      | bueno
  2276 | D:8      | Reached skill level 1 in Invocations
  2334 | Lair:1   | Killed a spiny frog
  2356 | Lair:1   | Noticed a spiny frog
  2369 | Lair:1   | Killed a spiny frog
  2395 | Lair:1   | Noticed Sonja
  2426 | Lair:1   | Noticed a spiny frog
  2434 | Lair:1   | Killed a spiny frog
  2434 | Lair:1   | Reached **** piety under Sif Muna
  2542 | Lair:2   | SWAMP L2
  2612 | Lair:3   | Noticed a spiny frog
  2614 | Lair:3   | Killed a spiny frog
  2614 | Lair:3   | Reached skill level 10 in Spellcasting
  2614 | Lair:3   | Reached XP level 10. HP: 50/50 MP: 23/26
  2676 | Lair:4   | Noticed a spiny frog
  2679 | Lair:4   | Killed a spiny frog
  2943 | Lair:6   | Entered Level 6 of the Lair of Beasts
  2949 | Lair:6   | Noticed a black mamba
  2994 | Lair:6   | Noticed a spiny frog
  2998 | Lair:6   | Killed a spiny frog
  2998 | Lair:6   | Reached skill level 5 in Invocations
  3012 | Lair:6   | Reached ***** piety under Sif Muna
  3031 | Lair:6   | Noticed a black mamba
  3048 | Lair:6   | Learned a level 5 spell: Lightning Bolt
  3062 | Lair:6   | Noticed a five-headed hydra
  3105 | Lair:5   | Reached skill level 1 in Air Magic
  3106 | Lair:5   | Identified Sif Muna's Tome of Unholy Rituals (Sif Muna gifted it to you on level 5 of the Lair of Beasts)
  3106 | Lair:5   | Received a gift from Sif Muna
  3106 | Lair:5   | Reached skill level 11 in Spellcasting
  3109 | Lair:5   | Learned a level 1 spell: Animate Skeleton
  3148 | Lair:5   | Learned a level 4 spell: Passage of Golubria
  3364 | Lair:4   | Reached XP level 11. HP: 47/54 MP: 28/28
  3416 | Lair:5   | Learned a level 2 spell: Swiftness
  3419 | Lair:5   | Learned a level 2 spell: Passwall
  3633 | Lair:6   | Reached skill level 5 in Air Magic
  3688 | Lair:6   | Noticed a death yak
  3690 | Lair:6   | Noticed a catoblepas
  3702 | Lair:6   | Reached skill level 1 in Translocations
  3767 | Lair:6   | SLIME L6
  3780 | Lair:6   | Identified Sif Muna's Grimoire of Ensnaring Confrontation (Sif Muna gifted it to you on level 6 of the Lair of Beasts)
  3780 | Lair:6   | Received a gift from Sif Muna
  3805 | Lair:6   | Reached skill level 5 in Translocations
  3843 | Lair:6   | Learned a level 6 spell: Bolt of Fire
  3850 | Lair:6   | Learned a level 5 spell: Iskenderun's Battlesphere
  3927 | Lair:6   | Reached skill level 1 in Charms
  3959 | Lair:6   | Noticed a catoblepas
  3959 | Lair:6   | Noticed a death yak
  3961 | Lair:6   | Noticed a death yak
  3968 | Lair:6   | Killed a death yak
  3968 | Lair:6   | Reached skill level 12 in Spellcasting
  3973 | Lair:6   | Killed a catoblepas
  3977 | Lair:6   | Noticed a death yak
  3979 | Lair:6   | Noticed a death yak
  3981 | Lair:6   | Noticed a death yak
  3983 | Lair:6   | Killed a death yak
  3985 | Lair:6   | Noticed a death yak
  3987 | Lair:6   | Killed a death yak
  3987 | Lair:6   | Reached XP level 12. HP: 59/59 MP: 0/30
  3991 | Lair:6   | Killed a death yak
  3993 | Lair:6   | Killed a death yak
  3995 | Lair:6   | Killed a death yak
  3995 | Lair:6   | Reached skill level 5 in Charms
  4007 | Lair:6   | Noticed a dire elephant
  4007 | Lair:6   | Noticed a deep troll shaman
  4015 | Lair:6   | Killed a deep troll shaman
  4029 | Lair:6   | Killed a dire elephant
  4280 | Lair:3   | Noticed a seven-headed hydra
  4284 | Lair:3   | Killed a seven-headed hydra
  4284 | Lair:3   | Identified Sif Muna's Compendium of Attacks (Sif Muna gifted it to you on level 3 of the Lair of Beasts)
  4284 | Lair:3   | Received a gift from Sif Muna
  4726 | Lair:2   | Found a staircase to the Swamp.
  4737 | Lair:2   | Reached skill level 13 in Spellcasting
  4739 | Swamp:1  | Entered Level 1 of the Swamp
  4764 | Swamp:1  | Noticed an alligator
  4769 | Swamp:1  | Noticed an alligator
  4770 | Swamp:1  | Killed an alligator
  4779 | Swamp:1  | Killed an alligator
  4779 | Swamp:1  | Reached skill level 5 in Dodging
  4783 | Swamp:1  | Noticed a six-headed hydra
  4874 | Swamp:1  | Killed a six-headed hydra
  4933 | Swamp:1  | 10/14
  4943 | Swamp:1  | Noticed an alligator
  4946 | Swamp:1  | Noticed an eight-headed hydra
  4950 | Swamp:1  | Killed an eight-headed hydra
  4953 | Swamp:1  | Noticed an alligator
  4954 | Swamp:1  | Reached skill level 10 in Fire Magic
  4955 | Swamp:1  | Killed an alligator
  4955 | Swamp:1  | Reached XP level 13. HP: 63/63 MP: 0/32
  5116 | Swamp:4  | Entered Level 4 of the Swamp
  5504 | Swamp:4  | Reached skill level 15 in Conjurations
  5661 | Swamp:4  | 13/16
  5726 | Swamp:4  | Reached skill level 14 in Spellcasting
  5742 | Swamp:4  | Reached skill level 10 in Dodging
  5751 | Swamp:4  | Reached XP level 14. HP: 45/68 MP: 10/34
  6031 | Swamp:4  | Got a decaying rune of Zot
  6070 | Swamp:4  | Got a wavering granite ring
  6072 | Swamp:4  | Identified the ring of Ihiusex {Fire Int+4 Dex+3} (You found it on level 4 of the Swamp)
  6073 | Swamp:4  | 10/19
  6288 | D:8      | Bought a potion of curing for 72 gold pieces
  6288 | D:8      | Bought a paperback book for 360 gold pieces
  6288 | D:8      | Bought a small pearl ring for 120 gold pieces
  6291 | D:8      | Learned a level 2 spell: Repel Missiles
  6295 | D:8      | Learned a level 2 spell: Blink
  6321 | D:9      | Killed Soeti's ghost
  6462 | D:11     | Reached skill level 1 in Fighting
  6647 | D:13     | Noticed Nessos
  6685 | D:14     | Got a pearl-encrusted leather armour
  6724 | D:15     | Entered Level 15 of the Dungeon
  6826 | D:14     | Reached skill level 15 in Spellcasting
  6831 | D:14     | Found a gate to the Vaults.
  6875 | Vaults:1 | Entered Level 1 of the Vaults
  6929 | Vaults:1 | Noticed Saint Roka
  6960 | Vaults:1 | Killed Saint Roka
  7002 | Vaults:1 | Found Kaupuniupp's Antique Weapon Shop.
  7102 | Vaults:1 | Noticed a white very ugly thing
  7112 | Vaults:1 | Killed a white very ugly thing
  7112 | Vaults:1 | Reached XP level 15. HP: 46/80 MP: 8/36
  7114 | Vaults:1 | Noticed a vault warden
  7121 | Vaults:1 | Killed a vault warden
  7121 | Vaults:1 | Reached skill level 16 in Spellcasting
  7141 | Vaults:1 | Noticed a sphinx
  7152 | Vaults:1 | Noticed a frost giant
  7157 | Vaults:1 | Noticed a shadow dragon
  7210 | Vaults:1 | Noticed a vault warden
  7213 | Vaults:1 | Killed a vault warden
  7213 | Vaults:1 | Reached skill level 5 in Fighting
  7275 | Vaults:1 | Noticed a vault warden
  7278 | Vaults:1 | Killed a vault warden
  7329 | Vaults:1 | Noticed a fire giant
  7350 | Vaults:1 | Noticed a shadow dragon
  7350 | Vaults:1 | an iron troll changed into a shadow dragon
  7351 | Vaults:1 | Noticed a frost giant
  7351 | Vaults:1 | a shadow dragon changed into a frost giant
  7354 | Vaults:1 | Killed a frost giant
  7426 | Vaults:1 | Learned a level 4 spell: Iskenderun's Mystic Blast
  7498 | Vaults:1 | Reached skill level 17 in Spellcasting
  7605 | Vaults:2 | Found a roughly hewn altar of Beogh.
  7605 | Vaults:2 | Noticed an orc warlord
  7618 | Vaults:2 | Killed an orc warlord
  7849 | Vaults:2 | Upgraded the game from 0.19-a0-1553-g64c24c3 to 0.19-a0-1568-gdd01aac
  7875 | Vaults:2 | Identified the cursed +1 leather armour of Misanthropy {Int+5} (You found it on level 14 of the Dungeon)
  7877 | Vaults:2 | Noticed a vault warden
  7885 | Vaults:2 | Killed a vault warden
  7885 | Vaults:2 | Reached XP level 16. HP: 92/92 MP: 17/39
  8040 | Vaults:3 | Reached skill level 18 in Spellcasting
  8463 | Vaults:2 | Found a staircase to the Crypt.
  8476 | Vaults:2 | Found Duddet's Armour Boutique.
  8504 | Vaults:2 | Found Zexaug's General Store.
  8531 | Vaults:2 | Bought a scroll of teleportation for 36 gold pieces
  8531 | Vaults:2 | 16/19
  8569 | Vaults:2 | Reached skill level 19 in Spellcasting
  8656 | Vaults:2 | Bought the ring of Greater Demons {rN+ MR+ Str+8 Int+2 Dex-2} for 636 gold pieces
  8658 | Vaults:2 | 16/20
  8789 | Vaults:4 | Found Tudag's Magic Scroll Shoppe.
  8793 | Vaults:4 | Reached XP level 17. HP: 96/96 MP: 10/42
  8799 | Vaults:4 | Found Disameogh's Armour Boutique.
  8817 | Vaults:4 | Bought a scroll of magic mapping for 52 gold pieces
  9120 | D:15     | Noticed Josephine
  9124 | D:15     | Killed Josephine
  9162 | D:15     | Noticed Agnes
  9193 | D:15     | Learned a level 8 spell: Necromutation
  9232 | D:15     | Killed Agnes
  9232 | D:15     | Reached skill level 1 in Necromancy
  9232 | D:15     | Reached skill level 1 in Transmutations
  9270 | D:15     | Found a staircase to the Depths.
  9277 | Depths:1 | Entered Level 1 of the Depths
  9289 | Depths:1 | Found Miut's Food Boutique.
  9374 | Depths:1 | Found Utuem's Antique Weapon Boutique.
  9422 | Depths:2 | Reached skill level 5 in Necromancy
  9439 | Depths:2 | Reached skill level 20 in Spellcasting
  9453 | Depths:2 | Reached skill level 5 in Transmutations
  9522 | Depths:1 | Found a gateway to Hell.
  9522 | Depths:1 | Found Ybiann's Distillery.
  9620 | Depths:1 | Found Ficu's Distillery.
  9779 | Depths:3 | Noticed Jorgrun
  9785 | Depths:3 | Killed Jorgrun
  9792 | Depths:3 | Noticed Mennas
  9800 | Depths:3 | Reached XP level 18. HP: 81/101 MP: 12/44
 10453 | Lair:2   | Found a hole to the Spider Nest.
 10460 | Spider:1 | Entered Level 1 of the Spider Nest
 10476 | Spider:2 | Noticed Azrael
 10478 | Spider:2 | Noticed Arachne
 10506 | Spider:4 | Entered Level 4 of the Spider Nest
 10658 | Spider:4 | Identified Sif Muna's Handbook of Poisoning (Sif Muna gifted it to you on level 4 of the Spider Nest)
 10658 | Spider:4 | Received a gift from Sif Muna
 10853 | Spider:4 | Reached skill level 10 in Necromancy
 10951 | Spider:4 | Got a gossamer rune of Zot
 11132 | Spider:2 | Killed Arachne
 11249 | Lair:6   | Found a staircase to the Slime Pits.
 11272 | Slime:1  | Entered Level 1 of the Pits of Slime
 11280 | Slime:1  | Reached skill level 21 in Spellcasting
 11281 | Slime:1  | Reached skill level 10 in Transmutations
 11447 | Slime:2  | Learned a level 8 spell: Infestation
 11472 | Slime:5  | Entered Level 5 of the Pits of Slime
 11484 | Slime:5  | Reached XP level 19. HP: 96/105 MP: 0/46
 11498 | Slime:5  | Noticed the Royal Jelly
 11501 | Slime:5  | Killed the Royal Jelly
 11505 | Slime:5  | HP: 3/105 [azure jelly[the Royal Jelly] (34)]
 11505 | Slime:5  | Demolished by a death ooze

Vault maps used:
D:1:      ldierk_walled_garden_2
D:2:      fedhas_altar_2, nicolae_gozag_seed_capital, serial_co_window_serial,
          co_window_paths_a, co_window_corner_a, co_window_corner_a,
          co_window_paths_a, co_window_corner_a, co_window_2corner,
          co_window_broadway_b, co_window_corner_cb, glass_columns_a
D:3:      kiku_gazebo_pond_becter, portal_sewer_entry_b
D:4:      lemuel_coloured_pillars_altar, cheibriados_altar_1,
          hangedman_decor_growths
D:5:      gammafunk_temple_overflow_wave, first_bread
D:6:      serial_shops, shop, grunt_decor_arrowhead
D:7:      nicolae_ossuary_entry_ruins, uniq_menkaure
D:8:      lair_0_dummy, serial_shops, shop, hangedman_pestilent_swarm,
          tso_metal_star
D:10:     erik_orc_3, serial_shops, nicolae_shop_stone, lemuel_blue_sif_altar,
          uniq_grum
D:11:     uniq_nergalle
D:12:     eino_house_with_fridge
D:13:     serial_shops, shop, uniq_nessos
D:14:     david_vaults_2, hangedman_decor_points
D:15:     grunt_enter_depths_magical_seal, minmay_misc_feat_alley,
          nemelex_diamond_rough_becter, uniq_agnes, uniq_josephine
Temple:   minmay_temple_curvy_branch
Lair:1:   uniq_prince_ribbit2, uniq_erica, uniq_sonja, uniq_fannar
Lair:2:   nicolae_swamp_entry_splash_gauntlet, spider_nest_entry_rubble
Lair:3:   beast_lair_carwin_5
Lair:4:   eino_small_chamber_without_monster, minivault_25
Lair:5:   bobbens_dragon_lair_wall, infiniplex_staircase_pool_2
Lair:6:   grunt_lair_end_beastmaster, minmay_slime_entry_pillars,
          serial_bayou_ford_a, st_stairs_4
Swamp:1:  evilmike_swamp_ruin_house_5, infiniplex_staircase_pool
Swamp:2:  evilmike_swamp_ruin_rubble_1
Swamp:3:  hangedman_swamp_ruin_wall, swamp_pool3, hangedman_swamp_blocks,
          nicolae_swamp_dense_foliage
Swamp:4:  swamp_basic_johnstein, nicolae_swamp_spriggan_camp
Spider:1: uniq_asterion
Spider:2: uniq_arachne, uniq_azrael
Spider:3: uniq_aizul
Spider:4: grunt_spider_rune_parallel, special_room
Slime:2:  nicolae_slime_phagocytosis
Slime:3:  nicolae_slime_barrier
Vaults:1: grunt_vaults_diagonal, hangedman_vaults_cutoff, vaults_room_pool,
          v_misc_10, dpeg_vaults_pockets_of_resistance,
          nicolae_vaults_network_barrier, ontoclasm_vaults_tryst,
          vaults_room_fours, vaults_room_grunt_arrival_ludios, v_pattern_3,
          v_misc_13, vaults_dpeg_hooks, serial_shops, shop_statue,
          uniq_saint_roka
Vaults:2: dpeg_vaults_monster_box, v_misc_33, blue_anna_dwarven_crypt,
          ontoclasm_vaults_claustrophobia, ontoclasm_vaults_eye,
          special_room_vaults, nicolae_vaults_shelves_hall,
          nicolae_vaults_little_squares_3, ontoclasm_vaults_chip,
          hangedman_vaults_nails, nicolae_vaults_ring_of_whatevers,
          hangedman_vaults_trim, serial_shops, nicolae_shop_waterfront,
          shop_fountains
Vaults:3: vaults_dpeg_encased_lava, vaults_standard_mumra_enter_the_diamond,
          v_misc_3, v_alt_pattern_1, v_misc_13, hangedman_vaults_nodes,
          hangedman_vaults_cutoff, vaults_mumra_hexcomb, vaults_room_grid,
          v_misc_26, vaults_room_pool, ontoclasm_vaults_twist
Vaults:4: nicolae_vaults_ninety_degrees, v_misc_23, v_alt_pattern_1,
          nicolae_vaults_big_ls, v_alt_pattern_3, serial_shops, shop,
          nicolae_shop_temple_entry_statues_fountains, shop
Depths:1: hell_entry, serial_shops, shop, nicolae_shop_stone,
          nicolae_shop_competitors_out_of_business, shop, shop_statue,
          hangedman_abyss_or_decor_passed,
          nicolae_abyss_entry_one_way_or_another, grunt_ministairs_8,
          st_stairs_14, serial_bayou_crossing
Depths:2: cheibrodos_birdhouse, enter_ziggurat_e, hell_entry, minivault_11,
          infiniplex_staircase_pillars_1, firewood_loft, uniq_nikola
Depths:3: minmay_haunted_quarter, hell_entry, grunt_pan_entry_sceptre,
          minmay_stone_trees_small, kennysheep_random_hallway, uniq_mennas,
          uniq_jorgrun
Sewer:    sewer_co_15_rooms

Skill      XL: |  1  2  3  4  5  6  7  8  9 10 11 12 13 14 15 16 17 18 19 |
---------------+----------------------------------------------------------+-----
Conjurations   | 2 3 4 5 6 8 9 11 12 13 14 15 17 18 19 | 19.2
Spellcasting   | 4 5 6 7 8 10 11 12 13 14 15 17 19 20 21 | 21.4
Fire Magic     | 4 5 7 8 10 | 10.7
Invocations    | 3 5 6 9 |  9.0
Air Magic      | 3 5 |  5.2
Translocations | 5 6 |  6.0
Charms         | 4 5 |  5.8
Dodging        | 6 10 11 12 | 12.5
Fighting       | 4 7 |  7.1
Necromancy     | 8 12 13 | 13.0
Transmutations | 7 10 | 10.8
Stealth        | |  2.4

Action                   |  1- 3 |  4- 6 |  7- 9 | 10-12 | 13-15 | 16-18 | 19-21 || total
-------------------------+-------+-------+-------+-------+-------+-------+-------++-------
Melee: Unarmed           |       |       |    26 |     1 |       |       |       ||    27
       Blowgun           |       |       |       |     1 |       |       |       ||     1
       Great mace        |       |       |       |       |     7 |    14 |       ||    21
       Staff             |       |       |       |       |       |     1 |       ||     1
 Fire: Blowgun           |       |    22 |       |       |       |       |       ||    22
 Cast: Flame Tongue      |    52 |    32 |   100 |    28 |    70 |    68 |       ||   350
       Conjure Flame     |       |     6 |     4 |       |     1 |       |       ||    11
       Sticky Flame      |       |       |    23 |    57 |    16 |    49 |       ||   145
       Fireball          |       |       |     6 |    49 |    58 |    94 |     2 ||   209
       Lightning Bolt    |       |       |       |     7 |       |       |       ||     7
       Bolt of Fire      |       |       |       |    45 |   202 |   264 |     4 ||   515
       Passage of Golubr |       |       |       |     4 |    11 |    28 |     1 ||    44
       Iskenderun's Batt |       |       |       |     1 |    22 |    29 |       ||    52
       Animate Skeleton  |       |       |       |     3 |    10 |       |       ||    13
       Passwall          |       |       |       |       |     6 |    12 |       ||    18
       Blink             |       |       |       |       |     7 |    13 |     2 ||    22
       Repel Missiles    |       |       |       |       |     2 |     7 |       ||     9
       Iskenderun's Myst |       |       |       |       |       |    41 |       ||    41
       Infestation       |       |       |       |       |       |     3 |     1 ||     4
       Swiftness         |       |       |       |       |       |       |     1 ||     1
Invok: Divine Energy     |       |       |     1 |       |       |       |       ||     1
       Channel Magic     |       |       |     1 |    11 |    46 |    67 |     2 ||   127
Evoke: Wand              |       |       |     5 |     6 |     3 |     1 |       ||    15
  Use: Scroll            |       |     1 |    17 |    13 |     7 |    18 |       ||    56
       Potion            |       |       |     3 |     7 |     9 |     6 |     1 ||    26
  Eat: Beef jerky        |     1 |       |     4 |     1 |     2 |       |       ||     8
       Chunk             |       |       |     4 |     1 |    15 |    19 |       ||    39
       Fruit             |       |       |     3 |       |     5 |       |       ||     8
       Pizza             |       |       |       |     2 |       |     1 |       ||     3
       Royal jelly       |       |       |       |     4 |     6 |       |       ||    10
       Meat ration       |       |       |       |       |       |     2 |       ||     2
Armor: Robe              |     8 |     2 |     2 |       |       |       |       ||    12
       Ring mail         |       |       |     6 |       |       |       |       ||     6
       Skin              |       |       |     4 |    31 |     2 |    32 |       ||    69
       Troll leather arm |       |       |     3 |    32 |    39 |    85 |     3 ||   162
Dodge: Dodged            |    15 |    12 |    41 |    74 |    59 |   230 |    15 ||   446
       Deflected         |       |       |       |       |     8 |    31 |       ||    39
